 Dungeon Crawl Stone Soup version 0.28.0-45-g0d030f2227 (webtiles) character file.

Game seed: 13746887955059887236

213 Kangaroobicon the Chopper (level 5, -3/47 HPs)
             Began as a Hill Orc Fighter on Apr 2, 2022.
             Slain by Duvessa
             ... wielding a +0 short sword
              (9 damage)
             ... on level 4 of the Dungeon.
             The game lasted 00:27:39 (2307 turns).

Kangaroobicon the Chopper (Hill Orc Fighter)        Turns: 2307, Time: 00:27:39

Health: -3/47      AC:  9    Str: 19    XL:     5   Next: 90%
Magic:  5/5        EV:  7    Int:  8    God:
Gold:   94         SH:  5    Dex: 12    Spells: 4/4 levels left

rFire   . . .      SeeInvis .   y - +3 spear of the Protecting Lamprey {flame, *Noise rPois rCorr}
rCold   + . .      Faith    .   c - +0 buckler
rNeg    . . .      Spirit   .   r - +0 chain mail {rC+}
rPois   +          Reflect  .   (no helmet)
rElec   .          Harm     .   (no cloak)
rCorr   +          Rampage  .   (no gloves)
Will    .....                   (no boots)
Stlth   ..........              (no amulet)
HPRegen 0.15/turn               (no ring)
MPRegen 0.09/turn               (no ring)

@: mighty
A: no striking features
a: no special abilities


You were on level 4 of the Dungeon.
You visited 1 branch of the dungeon, and saw 4 of its levels.

You collected 94 gold pieces.

Inventory:

Hand Weapons
 a - a +0 war axe
 n - a +0 vampiric whip
 o - a +0 dagger of venom
 p - a +1 antimagic short sword
 x - a +0 hunting sling
 y - the +3 spear of the Protecting Lamprey (weapon) {flame, *Noise rPois rCorr}
   (You found it on level 3 of the Dungeon)

   It burns those it strikes, dealing additional fire damage.
   rPois:     It protects you from poison.
   *Noise:    It may make noises in combat.
   rCorr:     It protects you from acid and corrosion.
Missiles
 e - 138 stones (quivered)
 f - 12 bolts
 g - 2 curare-tipped darts
 s - 30 sling bullets
 v - 132 arrows
Armour
 c - a +0 buckler (worn)
 h - a +0 chain mail
 r - a +0 chain mail of cold resistance (worn)
Wands
 b - a wand of iceblast (7)
Scrolls
 j - a scroll of fog {unknown}
 k - a scroll of enchant armour {unknown}
 l - 2 scrolls of immolation {unknown}
 u - 3 scrolls of identify {unknown}
 A - a scroll of blinking {unknown}
Potions
 i - a potion of brilliance {unknown}
 m - a potion of attraction {unknown}
 q - a potion of resistance {unknown}
 t - 2 potions of curing {unknown}
 w - a potion of mutation {unknown}
 z - a potion of berserk rage {unknown}
 B - a potion of cancellation {unknown}


   Skills:
 + Level 4.7 Fighting
 + Level 5.2 Axes
 + Level 0.1 Throwing
 + Level 4.4 Armour
 + Level 0.3 Dodging
 + Level 4.0 Shields


You had 4 spell levels left.
You didn't know any spells.
Your spell library was empty.

Dungeon Overview and Level Annotations

Branches:
Dungeon (4/15)
 Temple: D:4-7

Altars:

Annotations:
D:4 Dowan, Duvessa


Message History

You block Duvessa's attack.
The orc wizard gestures wildly while chanting.
The orc wizard flickers and vanishes!
Deactivating autopickup; reactivate with Ctrl-A.
You hit Duvessa but do no damage.
Duvessa is moderately wounded.
Duvessa hits you with a +0 short sword.
You closely miss Duvessa.
Duvessa is moderately wounded.
You block Duvessa's attack.
You hit Duvessa.
Duvessa is moderately wounded.
Duvessa hits you with a +0 short sword.
A hobgoblin comes into view.
You closely miss Duvessa.
Duvessa is moderately wounded.
Duvessa hits you with a +0 short sword.
You hit Duvessa. You burn Duvessa.
Duvessa is heavily wounded.
Duvessa hits you with a +0 short sword.
* * * LOW HITPOINT WARNING * * *
Aiming: Iceblast
Press: ? - help, Shift-Dir - straight line The mass of ice explodes!
The iceblast engulfs Duvessa!
Duvessa is almost dead.
The iceblast engulfs you. You partially resist.
* * * LOW HITPOINT WARNING * * *
The iceblast engulfs something!
Reactivating autopickup.
You feel a bit more experienced.
The iceblast engulfs the hobgoblin!
You kill the hobgoblin!
Duvessa hits you with a +0 short sword.
* * * LOW HITPOINT WARNING * * *
You feel very mighty all of a sudden. Duvessa barely misses you.
You barely miss Duvessa.
Duvessa is almost dead.
The hobgoblin hits you but does no damage.
Duvessa hits you with a +0 short sword!
You die...

#####+#+############
######........#.........#
.....'........#.........#
.....#........#.e.......##.
..............#............
........>..................
....#........#####)).......
....####+#.....g@ee).......
.............#######.......
.#........>..# .......
.#...........# ###....
.#............ ....
.#....##....... ...
.#....##.##.... ..
.####.... ..... .#


You could see Duvessa, Dowan and a hobgoblin.

Vanquished Creatures
  A bullfrog skeleton (D:3)
  An orc wizard (D:4)
  A hound skeleton (D:4)
  4 gnolls (D:3)
  3 adders
  2 dart slugs
  3 orcs
  9 ball pythons
  4 bats
  8 endoplasms
  3 giant cockroaches
  4 goblins
  4 hobgoblins
  2 jackals (D:2)
  2 quokkas
  6 frilled lizards
  11 kobolds
  9 rats
77 creatures vanquished.

Notes
Turn   | Place    | Note
-------+----------+-------------------------------------------
     0 | D:1      | Kangaroobicon the Hill Orc Fighter began the quest for the
                  | Orb.
     0 | D:1      | Reached XP level 1. HP: 19/19 MP: 1/1
   237 | D:1      | Reached XP level 2. HP: 27/27 MP: 2/2
   253 | D:1      | Reached skill level 3 in Axes
   414 | D:1      | Reached XP level 3. HP: 23/33 MP: 3/3
   834 | D:2      | Found a faded altar of an unknown god.
   857 | D:2      | Reached XP level 4. HP: 34/40 MP: 4/4
   931 | D:2      | Reached skill level 4 in Axes
  1298 | D:3      | Reached XP level 5. HP: 20/46 MP: 5/5
  1592 | D:3      | Reached skill level 5 in Axes
  1991 | D:3      | Identified the +3 spear of the Protecting Lamprey {flame,
                  | *Noise rPois rCorr}
  2281 | D:4      | Noticed Duvessa
  2285 | D:4      | Noticed Dowan
  2307 | D:4      | Slain by Duvessa

Illustrated notes

Levels and vault maps discovered:
D:1:      mrwooster_arrival_statue_3, layout_loops_ring,
          minmay_misc_feat_four_crosses, kennysheep_crisscross
D:2:      layout_rooms, shapermc_ecumenical_altar_pompeii
D:3:      layout_basic
D:4:      layout_basic, uniq_duvessa, uniq_robin

Skill      XL: |  1  2  3  4  5 |
---------------+----------------+-----
Axes           | 3 4 5 |  5.2
Armour         | 4 |  4.4
Fighting       | 4 |  4.7
Shields        | 4 |  4.0
Throwing       | |  0.1
Dodging        | |  0.3

Action                   |  1- 3 |  4- 6 || total
-------------------------+-------+-------++-------
Melee: War axe           |    92 |    85 ||   177
       Spear             |       |    29 ||    29
Throw: Stone             |     9 |     1 ||    10
Evoke: Wand              |       |     1 ||     1
  Use: Potion            |       |     1 ||     1
Armor: Scale mail        |     5 |       ||     5
       Chain mail        |    45 |    64 ||   109
Dodge: Dodged            |    26 |    37 ||    63
Block: Buckler           |    17 |    28 ||    45
